Map: 이페머론 - 래더

Players

TSGSolar (Solar) - Winner!

  • Race: Zerg Zerg
  • League: Master
  • Spawn Location: 5:00

Dear

  • Race: Protoss Protoss
  • League: Master
  • Spawn Location: 11:00

VOD

Have the link to the VOD?

Description

Time

  • Played on: Jan. 9, 2020, 4:23 a.m.
  • Length: 7:50
Show
View Real Time Build Order
Export as new Build Order

TSGSolar Zerg - Winner!

Build Orders: Hatch First 

Get SALT Encoding   

  12  0:01  Drone  
  13  0:11  Overlord  
  13  0:17  Drone  
  14  0:30  Drone  
  14  0:31  Drone  
  16  0:48  Hatchery  
  15  0:50  Drone  
  15  0:54  Drone  
  17  0:58  Drone  
  18  1:09  Extractor  
  17  1:15  Spawning Pool  
  17  1:18  Drone  
  17  1:21  Drone  
  18  1:27  Drone  
  19  1:38  Drone  
  20  1:51  Hatchery  
  20  1:52  Drone  
  20  2:02  Queen  
  20  2:06  Drone  
  23  2:15  Queen  
  25  2:21  Overlord  
  25  2:25  Drone  
  25  2:26  Drone  
  27  2:31  Metabolic Boost  
  27  2:34  Zergling x2  
  28  2:40  Zergling x2  
  28  2:42  Drone  
  28  2:43  Drone  
  31  2:49  Queen  
  33  2:52  Drone  
  33  2:54  Drone  
  35  3:01  Spore Crawler  
  35  3:03  Spore Crawler  
  35  3:04  Queen  
  37  3:06  Drone  
  37  3:09  Overlord  
  37  3:12  Drone  
  39  3:14  Drone  
  39  3:18  Drone x2  
  42  3:25  Overlord  
  42  3:28  Drone  
  42  3:29  Drone x2  
  47  3:42  Drone x2  
  47  3:43  Drone  
  47  3:45  Overlord  
  47  3:47  Drone  
  51  3:48  Drone  
  51  3:52  Drone x3  
  53  3:58  Zergling x8  
  57  4:04  Lair, Overlord  
  57  4:05  Drone, Roach Warren  
  57  4:08  Extractor  
  57  4:09  Extractor  
  55  4:13  Spore Crawler  
  55  4:14  Zergling x6  
  58  4:19  Overlord  
  58  4:23  Drone  
  58  4:24  Drone  
  58  4:26  Zergling x4  
  60  4:32  Overlord  
  60  4:37  Zergling x6  
  63  4:44  Roach x5  
  63  4:45  Roach  
  75  4:48  Roach  
  75  4:52  Roach  
  79  4:56  Roach  
  81  5:00  Roach x3  
  81  5:06  Drone  
  88  5:08  Overlord  
  84  5:14  Roach x2  
  84  5:17  Drone, Overlord  
  84  5:18  Drone  
  84  5:20  Zergling x4  
  84  5:21  Zergling x2  
  89  5:23  Zergling x2  
  89  5:25  Glial Reconstitution  
  90  5:28  Zergling x2  
  90  5:30  Roach  
  90  5:32  Roach  
  85  5:37  Roach x2  
  85  5:41  Roach x2  
  91  5:44  Drone  
  91  5:47  Roach  
  92  5:51  Roach x2  
  92  5:56  Drone  
  91  6:00  Ravager  
  91  6:01  Drone x2  
  89  6:09  Queen, Drone  
  89  6:10  Drone  
  88  6:13  Queen  
  90  6:19  Roach x2  
  94  6:28  Zergling x6  
  94  6:30  Overseer  
  94  6:32  Roach  
  99  6:35  Roach  
  99  6:39  Roach  
  95  6:41  Roach  
  95  6:43  Ravager  
  95  6:45  Drone x3  
  94  6:54  Roach x2  
  94  6:56  Drone  
  94  6:57  Ravager  
  94  7:00  Roach  
  95  7:02  Evolution Chamber  
  95  7:04  Zergling x6  
  95  7:07  Roach x2  
  99  7:12  Extractor, Overlord  
  99  7:13  Extractor  
  97  7:18  Drone x4  
  97  7:21  Drone  
  102  7:23  Overseer  
  102  7:24  Drone  
  102  7:27  Drone  
  104  7:30  Drone  
  104  7:32  Drone  
Show
View Real Time Build Order
Export as new Build Order

Dear Protoss 

Build Orders: 1 Gate Expand, Mass Adepts 

Get SALT Encoding   

  12  0:00  Probe  
  13  0:12  Probe  
  14  0:17  Pylon  
  14  0:24  Probe (Chrono Boost)  
  15  0:36  Probe (Chrono Boost)  
  16  0:43  Gateway  
  16  0:45  Probe (Chrono Boost)  
  16  0:48  Assimilator  
  17  0:51  Probe  
  18  1:03  Probe  
  19  1:15  Probe  
  20  1:24  Nexus  
  20  1:34  Cybernetics Core  
  20  1:37  Probe  
  21  1:44  Assimilator  
  21  1:49  Probe  
  21  1:53  Pylon  
  22  2:01  Probe  
  23  2:09  Adept (Chrono Boost)  
  23  2:13  Probe  
  26  2:21  Warp Gate  
  26  2:25  Probe  
  27  2:31  Stalker  
  27  2:32  Twilight Council  
  29  2:37  Probe (Chrono Boost)  
  29  2:38  Probe (Chrono Boost)  
  31  2:47  Probe x2 (Chrono Boost)  
  33  2:52  Probe x2 (Chrono Boost)  
  35  2:59  Robotics Facility  
  35  3:04  Probe x2  
  37  3:05  Resonating Glaives (Chrono Boost)  
  37  3:16  Gateway  
  37  3:18  Gateway  
  37  3:21  Probe  
  37  3:22  Probe  
  39  3:32  Pylon  
  39  3:33  Probe  
  40  3:34  Probe  
  41  3:43  Warp Prism (Chrono Boost)  
  41  3:44  Gateway  
  43  3:54  Gateway  
  43  3:55  Gateway  
  43  3:57  Probe  
  43  3:58  Probe  
  45  4:02  Pylon  
  45  4:10  Adept x2  
  45  4:12  Adept  
  45  4:14  Probe  
  45  4:15  Probe  
  53  4:20  Assimilator  
  53  4:21  Pylon  
  53  4:33  Adept x2  
  53  4:34  Adept  
  53  4:35  Probe x2  
  61  4:41  Pylon  
  61  4:46  Assimilator  
  61  4:54  Adept x4  
  61  4:59  Adept x2  
  73  5:03  Pylon  
  71  5:16  Adept x3  
  75  5:21  Adept x2  
  75  5:22  Adept  
  71  5:39  Adept x3  
  71  5:43  Adept x3  
  67  6:01  Adept x3  
  67  6:05  Adept x3  
  65  6:14  Dark Shrine  
  63  6:21  Adept x3  
  69  6:26  Adept x3  
  69  6:32  Immortal (Chrono Boost)  
  65  6:47  Adept x3  
  65  6:48  Adept  
  67  7:06  Immortal (Chrono Boost)  
  71  7:09  Pylon  
  63  7:32  Dark Templar x6  
Tags
 
Add a new tag
Caveats
  • Supply blocks, unpowered buildings, or Contaminate may cause inaccurate times.
  • Supply counts are checked every 10 seconds.